Map: Neon Violet Square LE

Players

Plukovnik - Winner!

  • Race: Protoss Protoss
  • League: Gold
  • Spawn Location: 5:00

Infamous

  • Race: Protoss Protoss
  • League: Silver
  • Spawn Location: 11:00

VOD

Have the link to the VOD?

Description

Time

  • Played on: April 6, 2018, 10:35 a.m.
  • Length: 21:42
Show
View Real Time Build Order
Export as new Build Order

Plukovnik Protoss - Winner!

Build Orders:  

Get SALT Encoding   

  12  0:01  Probe (Chrono Boost)  
  13  0:10  Probe (Chrono Boost)  
  14  0:19  Pylon  
  14  0:22  Probe  
  15  0:37  Probe  
  15  0:41  Forge  
  16  0:51  Gateway  
  16  1:00  Assimilator  
  16  1:06  Assimilator  
  16  1:08  Probe  
  17  1:27  Probe  
  18  1:35  Photon Cannon  
  18  1:41  Pylon  
  18  1:56  Nexus  
  18  2:06  Pylon  
  18  2:15  Photon Cannon  
  18  2:23  Photon Cannon  
  18  2:32  Pylon  
  18  2:36  Pylon  
  18  2:59  Probe (Chrono Boost)  
  19  3:10  Probe (Chrono Boost)  
  21  3:13  Probe (Chrono Boost)  
  21  3:19  Probe (Chrono Boost)  
  23  3:20  Probe (Chrono Boost)  
  23  3:23  Photon Cannon  
  23  3:26  Probe x2  
  25  3:38  Probe  
  26  3:43  Cybernetics Core  
  26  3:50  Probe  
  26  3:53  Pylon  
  27  3:57  Probe  
  28  4:09  Probe (Chrono Boost)  
  29  4:18  Photon Cannon  
  29  4:19  Probe (Chrono Boost)  
  29  4:22  Photon Cannon  
  30  4:24  Probe (Chrono Boost)  
  31  4:33  Nexus  
  31  4:39  Pylon  
  31  4:47  Probe  
  31  4:49  Stargate  
  32  4:55  Pylon  
  32  4:59  Pylon  
  32  5:03  Pylon  
  32  5:07  Pylon  
  32  5:11  Pylon  
  32  5:19  Probe (Chrono Boost)  
  34  5:29  Probe (Chrono Boost)  
  34  5:33  Fleet Beacon  
  34  5:34  Probe (Chrono Boost)  
  35  5:49  Probe x2 (Chrono Boost)  
  38  5:53  Probe (Chrono Boost)  
  38  6:00  Probe (Chrono Boost)  
  38  6:01  Probe (Chrono Boost)  
  38  6:03  Probe (Chrono Boost)  
  41  6:05  Probe (Chrono Boost)  
  42  6:11  Nexus  
  42  6:13  Probe (Chrono Boost)  
  42  6:15  Probe (Chrono Boost)  
  45  6:20  Probe (Chrono Boost)  
  45  6:22  Probe (Chrono Boost)  
  45  6:24  Probe (Chrono Boost)  
  47  6:26  Probe (Chrono Boost)  
  47  6:28  Probe x2 (Chrono Boost)  
  47  6:30  Probe  
  50  6:33  Assimilator  
  50  6:37  Assimilator  
  51  6:40  Photon Cannon  
  51  6:43  Photon Cannon  
  51  6:46  Tempest  
  57  6:47  Photon Cannon  
  57  6:54  Protoss Air Weapons Level 1  
  57  6:55  Protoss Shields Level 1  
  57  7:00  Stargate  
  57  7:02  Cybernetics Core  
  57  7:08  Twilight Council  
  57  7:10  Stargate  
  57  7:16  Stargate  
  57  7:37  Probe x3  
  57  7:38  Assimilator  
  57  7:43  Assimilator  
  60  7:45  Photon Cannon  
  60  7:46  Pylon  
  60  7:49  Probe x3  
  60  7:50  Pylon  
  63  8:01  Probe x3  
  63  8:04  Assimilator  
  66  8:08  Assimilator  
  66  8:10  Probe  
  67  8:13  Probe  
  67  8:16  Probe x2  
  70  8:22  Probe  
  70  8:25  Probe  
  72  8:28  Probe x2, Tempest (Chrono Boost)  
  86  8:34  Probe  
  86  8:39  Tempest (Chrono Boost)  
  87  8:42  Tempest (Chrono Boost)  
  79  9:15  Tempest x2  
  91  9:28  Probe x3  
  94  9:33  Tempest  
  94  9:37  Protoss Air Weapons Level 2  
  100  9:40  Probe x2  
  100  9:42  Photon Cannon  
  100  9:44  Photon Cannon  
  102  9:48  Probe  
  102  9:51  Pylon  
  102  9:52  Probe x2  
  105  9:55  Pylon  
  105  9:58  Pylon  
  105  10:00  Probe, Pylon  
  105  10:02  Pylon  
  105  10:04  Probe x2, Tempest  
  105  10:05  Tempest  
  105  10:07  Pylon  
  120  10:12  Probe, Photon Cannon  
  121  10:16  Probe  
  111  10:40  Tempest x2  
  118  10:47  Photon Cannon, Tempest  
  123  10:50  Photon Cannon  
  123  10:52  Photon Cannon  
  123  10:56  Photon Cannon  
  123  10:58  Photon Cannon x2  
  123  11:01  Photon Cannon  
  123  11:10  Pylon, Nexus  
  123  11:17  Pylon  
  123  11:24  Probe x3  
  126  11:35  Photon Cannon  
  126  11:36  Probe x3  
  126  11:38  Pylon  
  129  11:45  Photon Cannon  
  123  12:15  Protoss Air Weapons Level 3  
  123  12:16  Protoss Shields Level 2, Protoss Air Armor Level 1  
  123  12:28  Tempest x2  
  135  12:50  Tempest x2  
  147  13:01  Probe x4  
  151  13:13  Probe x3  
  151  13:14  Probe  
  155  13:25  Probe x3  
  158  13:55  Tempest x3  
  158  13:56  Tempest  
  170  14:38  Tempest x2  
  176  14:47  Tempest x2  
  158  15:21  Tempest x2  
  128  15:30  Tempest x2  
  128  15:34  Protoss Air Armor Level 2  
  140  15:39  Protoss Shields Level 3  
  140  15:50  Assimilator  
  140  15:55  Assimilator  
  140  16:04  Tempest x2  
  146  16:07  Nexus  
  140  16:21  Tempest x2  
  152  16:36  Probe x4  
  152  16:39  Nexus  
  156  16:46  Tempest  
  162  16:48  Probe x4  
  160  16:59  Tempest  
  160  17:00  Probe x3  
  160  17:01  Probe  
  164  17:04  Tempest  
  164  17:06  Pylon  
  164  17:08  Pylon  
  170  17:12  Probe x2  
  172  17:15  Assimilator  
  172  17:20  Assimilator  
  172  17:21  Assimilator  
  172  17:25  Stargate  
  172  17:26  Assimilator  
  172  17:29  Stargate  
  172  17:39  Stargate  
  172  17:48  Photon Cannon  
  172  17:50  Photon Cannon  
  172  17:53  Photon Cannon  
  172  17:54  Photon Cannon  
  172  17:57  Photon Cannon  
  172  18:00  Tempest  
  172  18:01  Tempest x2  
  172  18:02  Tempest  
  196  18:08  Protoss Air Armor Level 3  
  196  18:28  Probe (Chrono Boost)  
  197  18:38  Probe (Chrono Boost)  
  198  18:43  Probe (Chrono Boost)  
  199  18:48  Pylon  
  199  18:54  Probe  
  200  19:23  Nexus  
  193  19:36  Tempest  
  199  19:45  Photon Cannon  
  197  19:48  Photon Cannon  
  197  19:51  Photon Cannon  
  194  19:53  Photon Cannon  
  192  20:11  Tempest  
Show
View Real Time Build Order
Export as new Build Order

Infamous Protoss 

Build Orders: 1 Gate Expand 

Get SALT Encoding   

  12  0:01  Probe  
  13  0:13  Probe  
  14  0:24  Pylon  
  14  0:32  Probe  
  15  0:42  Gateway  
  16  0:50  Probe (Chrono Boost)  
  16  1:01  Probe (Chrono Boost), Assimilator  
  17  1:22  Nexus  
  17  1:24  Probe  
  18  1:38  Cybernetics Core  
  18  1:45  Probe  
  19  1:49  Assimilator  
  19  2:05  Probe (Chrono Boost)  
  20  2:11  Pylon, Warp Gate (Chrono Boost)  
  21  2:15  Probe (Chrono Boost)  
  21  2:16  Adept  
  23  2:28  Pylon  
  23  2:30  Probe  
  24  2:39  Probe  
  24  2:42  Probe  
  26  2:51  Probe  
  26  2:58  Gateway  
  27  2:59  Probe  
  27  3:03  Sentry (Chrono Boost)  
  27  3:04  Probe  
  31  3:11  Probe  
  32  3:20  Pylon  
  32  3:29  Probe  
  32  3:34  Probe  
  34  3:43  Gateway  
  34  3:56  Probe x2  
  34  4:01  Twilight Council  
  36  4:05  Pylon  
  36  4:08  Probe (Chrono Boost)  
  37  4:11  Robotics Facility  
  38  4:25  Probe (Chrono Boost)  
  38  4:27  Probe (Chrono Boost)  
  39  4:32  Probe (Chrono Boost), Stalker  
  39  4:33  Stalker  
  44  4:42  Blink (Chrono Boost)  
  44  4:50  Templar Archives  
  44  4:54  Stalker  
  47  5:07  Observer (Chrono Boost)  
  47  5:19  Immortal (Chrono Boost)  
  47  5:20  Probe  
  47  5:21  Probe, Gateway  
  49  5:23  Gateway  
  53  5:29  Gateway  
  53  5:45  Nexus  
  53  5:47  Pylon  
  53  5:48  Probe  
  53  5:49  Probe  
  55  5:52  Assimilator  
  55  5:55  Assimilator  
  55  5:56  High Templar  
  57  6:08  High Templar  
  59  6:33  Probe x2  
  59  6:36  Forge  
  59  6:37  Forge  
  61  6:40  Pylon  
  61  6:41  High Templar  
  61  6:43  Zealot x3  
  61  6:45  Probe  
  70  6:57  Probe  
  70  7:00  Probe x2  
  73  7:09  Probe  
  73  7:12  Probe x2  
  73  7:15  High Templar x3  
  82  7:30  Zealot  
  82  7:31  Zealot x2  
  88  7:38  Assimilator  
  88  7:39  Probe x2  
  88  7:40  Probe  
  88  7:42  Assimilator  
  91  7:50  Gateway x2  
  91  7:51  Gateway  
  91  7:55  Gateway, Protoss Ground Weapons Level 1 (Chrono Boost), Protoss Ground Armor Level 1 (Chrono Boost)  
  91  8:04  Archon  
  91  8:05  Archon  
  91  8:10  Stalker  
  90  8:43  Stalker  
  86  9:02  Stalker  
  88  9:03  Stalker x2  
  90  9:15  Pylon  
  84  9:17  Pylon  
  84  9:20  Pylon  
  84  9:22  Pylon  
  78  9:32  Stalker  
  78  9:33  Stalker x3  
  78  9:35  High Templar x4  
  78  9:36  High Templar x2  
  98  9:51  Protoss Ground Weapons Level 2 (Chrono Boost)  
  98  9:52  Protoss Ground Armor Level 2 (Chrono Boost)  
  98  10:09  Archon x3  
  98  10:13  Sentry x3  
  98  10:14  Pylon, Sentry  
  106  10:15  Zealot  
  106  10:17  Zealot x2  
  112  10:41  Stalker x4  
  112  10:42  Stalker x2  
  124  10:43  High Templar  
  124  10:45  Zealot x2  
  124  10:46  Zealot  
  132  11:31  Pylon  
  132  11:39  Pylon  
  132  11:41  Pylon  
  124  11:58  Nexus  
  124  12:00  Pylon  
  116  12:02  Pylon  
  116  12:04  Pylon  
  116  12:06  Pylon  
  96  12:09  Pylon  
  76  12:17  Stalker x3  
  76  12:18  Stalker x4  
  76  12:19  Stalker  
  80  12:39  High Templar x2  
  78  12:49  Photon Cannon  
  78  12:50  Photon Cannon  
  78  12:53  Photon Cannon  
  78  12:55  Photon Cannon  
  78  12:57  Photon Cannon  
  72  13:01  Photon Cannon, High Templar x3  
  72  13:02  Photon Cannon, High Templar x5  
  72  13:05  Shield Battery  
  88  13:07  Archon x4  
  88  13:08  Archon  
  88  13:12  Protoss Ground Weapons Level 3 (Chrono Boost)  
  87  13:13  Protoss Ground Armor Level 3 (Chrono Boost)  
  87  13:36  Stalker x4  
  87  13:37  Stalker x2  
  87  13:38  Stalker x3  
  87  13:39  Stalker  
  107  13:48  Pylon  
  107  13:58  Pylon  
  107  13:59  Pylon  
  107  14:03  High Templar x2  
  107  14:04  High Templar  
  103  15:25  Pylon  
  95  15:29  Nexus  
  95  15:33  Pylon  
  95  15:35  Pylon  
  95  15:37  Pylon, Nexus  
  95  15:42  Pylon, High Templar  
  97  15:43  High Templar x2  
  101  15:55  Stalker  
  103  16:08  Pylon  
  103  16:09  Pylon  
  103  16:17  Pylon  
  87  16:19  Pylon  
  87  16:21  Archon x2  
  87  16:22  Pylon  
  81  16:30  Stalker x2  
  81  16:31  Stalker x3  
  57  17:14  Probe x2  
  57  17:15  Probe  
  60  17:23  High Templar  
  60  17:24  High Templar x4  
  60  17:26  Probe  
  71  17:35  Assimilator  
  71  17:37  Assimilator  
  71  17:39  Assimilator  
  71  17:43  Assimilator  
  71  17:48  Archon  
  71  17:49  Archon  
  71  18:00  Nexus  
  71  18:03  High Templar  
  73  18:22  Probe  
  73  18:23  Probe x2  
  73  18:27  High Templar  
  78  18:29  Stalker  
  78  18:30  Stalker  
  82  18:34  Probe  
  83  18:46  Probe x2  
  79  19:28  Stalker x3  
  79  19:29  High Templar x2  
  79  19:30  High Templar  
  79  19:50  Archon  
  79  19:55  High Templar x3  
  85  20:01  Archon  
  85  20:05  Probe x3  
  88  20:11  Archon  
  88  20:17  Probe x2  
  88  20:18  Probe, High Templar x2  
  95  20:27  Cybernetics Core  
  95  20:29  Probe  
  95  20:30  Probe x2  
  98  20:39  High Templar x2  
  98  20:41  Probe  
  98  20:42  Archon  
  103  20:47  Archon  
  99  21:21  Pylon  
Tags
 
Add a new tag
Caveats
  • Supply blocks, unpowered buildings, or Contaminate may cause inaccurate times.
  • Supply counts are checked every 10 seconds.